 Dungeon Crawl Stone Soup version 0.31-a0-981-geadf994542 (webtiles) character file.

Game seed: 1411509042941039272

38372 AppTheSpectato the Metamorph (level 13, -1/164 HPs)
             Began as a Troll Shapeshifter on Oct 31, 2023.
             Was the Champion of Wu Jian.
             Slain by a six-headed hydra (5 damage)
             ... on level 3 of the Lair of Beasts.
             The game lasted 01:02:32 (13025 turns).

AppTheSpectato the Metamorph (Troll Shapeshifter)  Turns: 13025, Time: 01:02:33

Health: -1/164     AC: 12    Str: 34    XL:     13   Next: 63%
Magic:  12/12      EV: 14    Int:  6    God:    Wu Jian [******]
Gold:   1720       SH:  5    Dex:  9    Spells: 12/12 levels left

rFire   . .          .
                       - Unarmed
rCold   . . .        (shield currently unavailable)
rNeg    . . .        J - melded +1 robe "Ceezuol" {rCorr}
rPois   .            (helmet currently unavailable)
rElec   .            (cloak currently unavailable)
rCorr   .            (gloves unavailable)
SInv    .            (boots unavailable)
Will    .....        W - amulet of reflection
Stlth   +            q - ring of flight
HPRegen 1.27/turn    v - +5 ring of evasion
MPRegen 0.13/turn

%: reflection
@: snake-form, flying
A: constrict, boosted hp, large, unfitting armour, (claws 3), regeneration 1,
(shaggy fur 1), (tough skin 1)
a: Begin Untransformation, Renounce Religion, Wall Jump, Serpent's Lash,
Heavenly Storm


You were on level 3 of the Lair of Beasts.
You worshipped Wu Jian.
Wu Jian was exalted by your worship.
You were an enormous anaconda.
You visited 4 branches of the dungeon, and saw 17 of its levels.
You also visited: Ossuary and Gauntlet.

You collected 2110 gold pieces.
You spent 390 gold pieces at shops.

Inventory:

Hand Weapons
 o - a +8 club
 p - the +5 war axe "Beastbane" {heavy, *Slow rF++ rN+}
   (You found it on level 3 of the Dungeon)

   rF++:      It greatly protects you from fire.
   rN+:       It protects you from negative energy.
   *Slow:     It may slow you when you take damage.
Missiles
 r - 3 throwing nets
 s - 13 javelins
 T - a silver javelin
Armour
 f - +0 acid dragon scales
 J - the +1 robe "Ceezuol" (melded) {rCorr}
   (You found it on level 7 of the Dungeon)

   rCorr:     It protects you from acid and corrosion.
 R - an orb of energy
 S - a +1 troll leather armour
Jewellery
 d - a ring of poison resistance
 q - a ring of flight (left hand)
 t - the amulet "Azocvuto" {Regen+ Int+4}
   (You found it on level 5 of the Dungeon)

   [amulet of regeneration]

   Int+4:     It affects your intelligence (+4).
   Regen+:    It increases your rate of health regeneration.
 v - a +5 ring of evasion (right hand)
 w - a ring of resist corrosion
 U - a +6 ring of dexterity
 W - an amulet of reflection (around neck)
 Y - a ring of ice
Talismans
 a - the flux talisman "Sugyan" {rElec Str+2 Dex-3}
   (You found it on level 12 of the Dungeon)

   [flux talisman]

   Str+2:     It affects your strength (+2).
   Dex-3:     It affects your dexterity (-3).
   rElec:     It insulates you from electricity.
 c - a beast talisman
 H - a blade talisman
 I - a serpent talisman (active)
 V - a maw talisman
Wands
 n - a wand of digging (5)
 y - a wand of polymorph (13)
 M - a wand of roots (18)
 N - a wand of quicksilver (9)
 P - a wand of paralysis (21)
 Q - a wand of flame (24)
Scrolls
 e - 4 scrolls of blinking
 j - 6 scrolls of teleportation
 l - a scroll of revelation
 m - 2 scrolls of fear
 x - 2 scrolls of vulnerability
 B - a scroll of identify
 F - 2 scrolls of silence
 G - 3 scrolls of poison
 X - a scroll of fog
Potions
 b - 3 potions of lignification
 g - a potion of magic {unknown}
 h - 2 potions of haste
 i - 4 potions of enlightenment
 k - 6 potions of curing
 u - 7 potions of heal wounds
 z - 2 potions of cancellation
 A - 2 potions of resistance
 C - 5 potions of might
 D - 4 potions of degeneration
 E - a potion of brilliance {unknown}
 K - 3 potions of berserk rage {unknown}
 L - a potion of invisibility {unknown}
 O - a potion of attraction {unknown}


   Skills:
 + Level 11.4 Fighting
 - Level 1.5 Dodging
 + Level 14.3 Unarmed Combat
 + Level 15.4 Shapeshifting


You had 12 spell levels left.
You didn't know any spells.
Your spell library contained the following spells:

 Spells                   Type           Power      Damage    Failure   Level
 Call Canine Familiar     Summ           0%         N/A       83%         3
 Sigil of Binding         Hex            0%         N/A       83%         3
 Tukima's Dance           Hex            0%         N/A       83%         3
 Dimensional Bullseye     Hex/Tloc       0%         N/A       99%         4
 Leda's Liquefaction      Hex/Erth       0%         N/A       99%         4
 Passage of Golubria      Tloc           0%         N/A       99%         4
 Yara's Violent Unravell  Hex/Tmut       0%         3d3       100%        5
 Simulacrum               Ice/Necr       0%         N/A       100%        6
 Ozocubu's Refrigeration  Ice            0%         4d7       100%        7
 Polar Vortex             Ice            0%         N/A       100%        9


Dungeon Overview and Level Annotations

Branches:
Dungeon (12/15)            Temple (1/1) D:7            Lair (3/5) D:9
 Shoals (0/4) Lair:2          Orc (1/2) D:12        Ossuary (visited)
Gauntlet (visited)
  Snake: Lair:2-3    Spider: Lair:2-3

Altars:
Ashenzari
Cheibriados
Dithmenos
Elyvilon
Fedhas
Gozag
Hepliaklqana
Kikubaaqudgha
Makhleb
Nemelex Xobeh
Okawaru
Qazlal
Ru
Sif Muna
Trog
Uskayaw
Vehumet
Wu Jian
Xom
Yredelemnul
Zin
The Shining One

Shops:
D:5 !   D:6 *   D:10 (

Annotations:
Lair:2 1 runed translucent door, RandomusNamus's ghost, journeyman OpSh


Innate Abilities, Weirdness & Mutations

You are an enormous anaconda.
You have a powerful constriction melee attack.
Your maximum health is increased.
Your armour is entirely melded.
You are incapable of wielding weapons or throwing items.
You are too large for most types of armour.
((You have claws for hands.))
Your natural rate of healing is unusually fast.
((You are covered in fur. (AC +1)))
((You have tough skin. (AC +1)))


Message History

* * * LOW HITPOINT WARNING * * *
You block the six-headed hydra's attack.
The six-headed hydra bites you.
* * * LOW HITPOINT WARNING * * *
You crush the six-headed hydra!!!
The six-headed hydra is severely wounded.
You hit the six-headed hydra but do no damage.
The six-headed hydra is severely wounded.
The six-headed hydra closely misses you.
You block the six-headed hydra's attack.
The six-headed hydra bites you.
* * * LOW HITPOINT WARNING * * *
The six-headed hydra bites you.
* * * LOW HITPOINT WARNING * * *
The six-headed hydra barely misses you.
You block the six-headed hydra's attack.
You barely miss the six-headed hydra.
The six-headed hydra is severely wounded.
The six-headed hydra bites you but does no damage.
The six-headed hydra bites you.
* * * LOW HITPOINT WARNING * * *
The six-headed hydra bites you!
* * * LOW HITPOINT WARNING * * *
You block the six-headed hydra's attack.
The six-headed hydra closely misses you.
The six-headed hydra barely misses you.
You body-slam the six-headed hydra!!
The six-headed hydra is almost dead.
The six-headed hydra bites you.
* * * LOW HITPOINT WARNING * * *
The six-headed hydra bites you.
* * * LOW HITPOINT WARNING * * *
The six-headed hydra bites you.
* * * LOW HITPOINT WARNING * * *
The six-headed hydra bites you.
* * * LOW HITPOINT WARNING * * *
The six-headed hydra bites you.
* * * LOW HITPOINT WARNING * * *
The six-headed hydra bites you.
You die...

.......# #..#... #....##
. #....# .. ###....##
#### ...##..#..#.###..#
.................###
.......D.....†.....#####
......:S....##..........
............#.##........
..............##..##.###
.............###...####.
............###...##P.##
.................†......
........................
#..####..#.##.#####.#P..
## ######


You could see a six-headed hydra.

Vanquished Creatures
  3 hydras
  2 alligators (D:11)
  A boulder beetle (Lair:2)
  3 two-headed ogres
  4 death yaks (Lair:3)
  Sonja (D:12)
  Pikel (D:6)
  A deep elf pyromancer (D:12)
  2 cyclopes
  A manticore (D:12)
  6 slime creatures
  5 black mambas
  Maurice (D:10)
  Maggie (D:8)
  2 cane toads (Lair:1)
  6 kobold demonologists (D:11)
  2 komodo dragons (Lair:2)
  A hornet (D:11)
  5 trolls
  11 blink frogs
  4 polar bears
  Sigmund (D:4)
  2 shadows (D:12)
  A wyvern (D:10)
  A wraith (D:10)
  58 yaks
  3 basilisks
  An acid dragon (D:12)
  Edmund (D:4)
  11 water moccasins
  3 sky beasts
  2 black bears (Lair:2)
  11 orc warriors
  6 wolves (Lair:2)
  9 centaurs
  2 phantoms
  Blork the orc (D:4)
  8 bullfrogs
  3 kobold brigands
  9 scorpions
  13 wights
  7 killer bees
  5 howler monkeys (D:9)
  An electric eel (Lair:1)
  A crimson imp (D:5)
  2 hounds
  17 orc priests
  A gnoll bouda (D:5)
  6 jellies
  2 sleepcaps
  Natasha (thrice) (D:2)
  10 iguanas
  8 orc wizards
  6 hell rats
  8 mummies (Ossuary)
  Robin (D:2)
  6 gnolls
  4 river rats (D:11)
  14 adders
  2 white imps
  6 worms
  3 dart slugs
  69 orcs
  4 bats
  14 endoplasms
  7 giant cockroaches
  19 goblins
  11 hobgoblins
  3 jackals (D:4)
  5 quokkas
  3 training dummies (D:10)
  7 ball pythons
  10 frilled lizards
  4 hobgoblin zombies (Ossuary)
  20 kobolds
  3 kobold zombies (Ossuary)
  An orc zombie (Ossuary)
  16 rats
518 creatures vanquished.

Vanquished Creatures (others)
  An orc (D:8)
1 creature vanquished.

Grand Total: 519 creatures vanquished

Notes
Turn   | Place    | Note
-------+----------+-------------------------------------------
     0 | D:1      | AppTheSpectato the Troll Shapeshifter began the quest for
                  | the Orb.
     0 | D:1      | Reached XP level 1. HP: 18/18 MP: 0/0
    36 | D:1      | Reached skill level 1 in Fighting
    72 | D:1      | Found a faded altar of an unknown god.
    88 | D:1      | Reached XP level 2. HP: 27/27 MP: 1/1
   430 | D:2      | Reached XP level 3. HP: 33/33 MP: 2/2
   654 | D:2      | Noticed Natasha
   657 | D:2      | Killed Natasha
   665 | D:2      | Noticed Natasha
   671 | D:2      | Killed Natasha
   672 | D:2      | Reached XP level 4. HP: 35/42 MP: 3/3
   683 | D:2      | You fall into a shaft and drop 1 floor!
   901 | D:2      | Noticed Natasha
   902 | D:2      | Killed Natasha
   903 | D:2      | Reached XP level 5. HP: 50/50 MP: 4/4
   914 | D:2      | Reached skill level 4 in Shapeshifting
  1057 | D:2      | Noticed Robin
  1073 | D:2      | Killed Robin
  1185 | D:3      | Identified the +5 war axe "Beastbane" {heavy, *Slow rF++
                  | rN+}
  1216 | D:3      | Found an ornate altar of the Wu Jian Council.
  1218 | D:3      | Found a bloodstained altar of Trog.
  1218 | D:3      | Found a snail-covered altar of Cheibriados.
  1222 | D:3      | Found a hazy altar of Hepliaklqana.
  1255 | D:3      | Became a worshipper of the Wu Jian Council
  1449 | D:3      | Found a sparkling altar of Nemelex Xobeh.
  1456 | D:3      | Found a shimmering altar of Xom.
  1488 | D:3      | Reached XP level 6. HP: 51/59 MP: 5/5
  1683 | D:3      | Reached * piety under Wu Jian
  2016 | D:4      | Reached skill level 5 in Unarmed Combat
  2062 | D:4      | Reached XP level 7. HP: 44/67 MP: 6/6
  2160 | D:4      | Noticed Edmund
  2170 | D:4      | Killed Edmund
  2171 | D:4      | Reached skill level 5 in Shapeshifting
  2222 | D:4      | Found a shadowy altar of Dithmenos.
  2644 | D:4      | Noticed Sigmund
  2648 | D:4      | Killed Sigmund
  2853 | D:4      | Noticed Blork the orc
  2859 | D:4      | Killed Blork the orc
  3021 | D:5      | Entered Level 5 of the Dungeon
  3021 | D:5      | Found Irimn's Distillery.
  3035 | D:5      | Reached XP level 8. HP: 79/79 MP: 7/7
  3048 | D:5      | Reached ** piety under Wu Jian
  3077 | D:5      | Identified the amulet "Azocvuto" {Regen+ Int+4}
  3173 | D:5      | Reached skill level 6 in Shapeshifting
  3251 | D:5      | Found a sand-covered staircase.
  3260 | Ossuary  | Entered an ossuary
  3327 | Ossuary  | Reached skill level 5 in Fighting
  3472 | Ossuary  | Identified a scroll of acquirement
  3472 | Ossuary  | Acquired a manual of Shapeshifting
  3711 | D:5      | Found a burning altar of Makhleb.
  3722 | D:5      | Reached *** piety under Wu Jian
  4189 | D:6      | Reached skill level 7 in Shapeshifting
  4226 | D:6      | Found Cusiosas's General Store.
  4251 | D:6      | Reached XP level 9. HP: 32/89 MP: 8/8
  4298 | D:6      | Bought a blade talisman for 390 gold pieces
  4548 | D:6      | Noticed Pikel
  4556 | D:6      | Killed Pikel
  4557 | D:6      | Reached skill level 8 in Shapeshifting
  4834 | D:7      | Reached skill level 9 in Shapeshifting
  4984 | D:7      | Identified the +1 robe "Ceezuol" {rCorr}
  5095 | D:7      | Found a glowing silver altar of Zin.
  5171 | D:7      | Found a staircase to the Ecumenical Temple.
  5180 | Temple   | Entered the Ecumenical Temple
  5304 | D:7      | Found a radiant altar of Vehumet.
  5483 | D:7      | Reached **** piety under Wu Jian
  5554 | D:7      | Found a basalt altar of Yredelemnul.
  5609 | D:7      | Found a white marble altar of Elyvilon.
  5821 | D:8      | Noticed Maggie
  5841 | D:8      | Reached XP level 10. HP: 53/102 MP: 9/9
  5926 | D:8      | Reached skill level 10 in Shapeshifting
  5938 | D:8      | Killed Maggie
  6215 | D:8      | Reached skill level 11 in Shapeshifting
  6289 | D:9      | Found a staircase to the Lair.
  6305 | D:8      | Reached skill level 10 in Unarmed Combat
  6562 | D:9      | Reached skill level 12 in Shapeshifting
  6736 | D:9      | Reached XP level 11. HP: 105/107 MP: 10/10
  6811 | D:9      | Reached ***** piety under Wu Jian
  7356 | D:10     | Entered Level 10 of the Dungeon
  7356 | D:10     | Noticed a two-headed ogre
  7473 | D:10     | Noticed Maurice
  7487 | D:10     | Something stole 287 gold
  7491 | D:10     | Killed Maurice
  7574 | D:10     | Killed a two-headed ogre
  7605 | D:10     | Reached skill level 13 in Shapeshifting
  7656 | D:10     | Found Culiwe Geyh's Firing Range.
  8165 | D:10     | Found an opulent altar of Gozag.
  8216 | Gauntlet | Identified the "Qong"
  8216 | Lair:1   | Entered Level 1 of the Lair of Beasts
  8440 | Lair:1   | Found a gate leading to a gauntlet.
  8455 | Gauntlet | Entered a Gauntlet
  8455 | Gauntlet | Found a transporter.
  8455 | Gauntlet | Found a transporter.
  8476 | Gauntlet | Found a transporter.
  8479 | Gauntlet | Found a transporter.
  8492 | Gauntlet | Found a transporter.
  8494 | Gauntlet | Noticed a ghost crab
  8495 | Gauntlet | Found a transporter.
  8496 | Gauntlet | Noticed an oklob plant
  8504 | Gauntlet | Found a transporter.
  8518 | Gauntlet | Noticed a death drake
  8521 | Gauntlet | Found a transporter.
  8535 | Gauntlet | Found a transporter.
  8538 | Gauntlet | Found a transporter.
  8540 | Gauntlet | Found a runed translucent gate.
  8540 | Gauntlet | Found a runed translucent gate.
  8540 | Gauntlet | Found a runed translucent gate.
  8543 | Gauntlet | Noticed a soul eater
  8546 | Gauntlet | Found a transporter.
  8575 | Gauntlet | Found a transporter.
  9189 | Lair:2   | Found a shimmering blue altar of Sif Muna.
  9238 | Lair:2   | Reached XP level 12. HP: 123/123 MP: 11/11
  9328 | Lair:2   | Found a runed translucent door.
  9333 | Lair:2   | Noticed RandomusNamus's ghost (journeyman OpSh)
  9392 | Lair:2   | Found a staircase to the Shoals.
  9417 | Lair:2   | Reached skill level 14 in Shapeshifting
  9767 | Lair:2   | Noticed a boulder beetle
  9780 | Lair:2   | Killed a boulder beetle
  9917 | Lair:2   | Noticed a five-headed hydra
  9929 | Lair:2   | Killed a five-headed hydra
 10183 | Lair:3   | Noticed an eight-headed hydra
 10191 | Lair:3   | Noticed a death yak
 10192 | Lair:3   | Noticed a death yak
 10292 | Lair:2   | Killed an eight-headed hydra
 10293 | Lair:2   | Reached skill level 10 in Fighting
 10879 | D:11     | Reached ****** piety under Wu Jian
 10883 | D:11     | Acquired 988 gold pieces
 11221 | D:11     | Noticed a two-headed ogre
 11226 | D:11     | Killed a two-headed ogre
 11227 | D:11     | Reached XP level 13. HP: 125/135 MP: 12/12
 11685 | D:11     | Reached skill level 15 in Shapeshifting
 11707 | D:12     | Noticed Sonja
 11713 | D:12     | Killed Sonja
 11812 | D:12     | Identified the flux talisman "Sugyan" {rElec Str+2 Dex-3}
 12243 | D:12     | Found a staircase to the Orcish Mines.
 12252 | Orc:1    | Entered Level 1 of the Orcish Mines
 13025 | Lair:3   | HP: 4/164 [six-headed hydra (5)]
 13025 | Lair:3   | Slain by a six-headed hydra

Illustrated notes

Levels and vault maps discovered:
D:1:      mrwooster_arrival_statue, layout_rooms, ebering_ecumenical_altar_webs
D:2:      minmay_recursive_quarters, layout_basic, uniq_natasha, uniq_robin
D:3:      minmay_chambers_of_threes, layout_basic,
          mainiacjoe_overflow_catwalk_spiral, grunt_temple_overflow_open,
          serial_glass, glass_columns_a, glass_columns_c, glass_columns_c,
          glass_columns_c, glass_columns_b, glass_columns_a
D:4:      layout_gridville, nicolae_dithmenos_through_a_glass_darkly,
          uniq_edmund, uniq_blork_the_orc, uniq_sigmund
D:5:      nicolae_BIG_FREAKIN_CUBE, layout_loops_cross, makhleb_grotto_becter,
          chequers_ossuary_entry_cave, serial_shops, shop, st_stairs_1,
          chequers_mini_garden
D:6:      layout_rooms, serial_shops, shop, uniq_pikel
D:7:      layout_cave_pools, kennysheep_ying_yang, kennysheep_little_box,
          vehumet_crystals, temple_fountains, serial_rivers,
          chequers_serial_rivers_room_a, chequers_serial_rivers_micro_d,
          chequers_serial_rivers_micro_b, chequers_serial_rivers_small_a
D:8:      layout_rooms, moated_statue, uniq_maggie
D:9:      layout_basic, minmay_lair_entry_grove, nicolae_sextant
D:10:     layout_basic, lemuel_coloured_pillars_altar,
          nicolae_shop_firing_range, uniq_maurice
D:11:     layout_roguey [special_room_orc], hangedman_parallel_progression
D:12:     layout_loops_corners, hiddenorc1_lemuel, uniq_sonja
Temple:   compressed_dpeg_triangle_lava_temple
Lair:1:   layout_gridlike, gauntlet_entry_generic
Lair:2:   layout_gridlike, shoals_dummy_entry, ebering_ghost_inner_flame,
          basic_altar, beast_lair_carwin_11
Lair:3:   layout_small_grid, hellmonk_spider_entry_life_and_decay,
          grunt_megastairs_1
Orc:1:    minmay_goldmine, layout_diamond_mine, serial_shops,
          nicolae_shop_tiny_waterfront, mines1_david, uniq_fannar

Skill      XL: |  1  2  3  4  5  6  7  8  9 10 11 12 13 |
---------------+----------------------------------------+-----
Fighting       | 1 2 3 4 5 7 9 10 11 | 11.4
Unarmed Combat | 4 5 6 7 9 10 12 13 14 | 14.3
Shapeshifting  | 4 5 7 9 12 13 14 15 | 15.4
Dodging        | |  1.5

Action                     |  1- 3 |  4- 6 |  7- 9 | 10-12 | 13-15 || total
---------------------------+-------+-------+-------+-------+-------++-------
  Melee: Unarmed           |    63 |   172 |   361 |   522 |   222 ||  1340
         Punch             |     1 |     3 |     6 |     2 |       ||    12
         Constrict         |       |       |       |   105 |    42 ||   147
         Maw               |       |       |       |     5 |       ||     5
Ability: Begin Untransform |     2 |       |       |       |       ||     2
         Lunge             |       |     5 |    31 |    39 |    21 ||    96
         Whirlwind         |       |       |    47 |    43 |    18 ||   108
         Wall Jump         |       |       |     5 |     4 |     1 ||    10
    Use: Scroll            |       |     5 |     6 |    18 |       ||    29
         Potion            |       |       |       |       |     1 ||     1
   Stab: Sleeping          |     2 |     1 |     1 |     1 |       ||     5
 Armour: Animal skin       |    35 |    96 |   119 |       |       ||   250
         Robe              |       |       |    57 |    19 |       ||    76
         Skin              |       |       |       |   347 |   143 ||   490
  Dodge: Dodged            |    19 |    68 |   190 |   263 |   109 ||   649
  Block: Other             |       |       |       |    64 |    41 ||   105
   Form: Beast             |     3 |       |       |       |       ||     3
         Flux              |     2 |       |     1 |       |       ||     3
         Anaconda          |       |       |       |     2 |       ||     2
         Blade             |       |       |       |     1 |       ||     1
         Maw               |       |       |       |     1 |       ||     1

Table legend: (Time is in decaauts)
 A = Elapsed time spent in this place.
 B = Non-inter-level travel time spent in this place.
 C = Inter-level travel time spent in this place.
 D = Time resting spent in this place.
 E = Time spent auto-exploring this place.
 F = Levels seen in this place.
 G = Mean time per level.
                   A        B        C        D        E       F      G
               +--------+--------+--------+--------+--------+-----+--------+
         Total |  12872 |  11428 |   1444 |   1370 |   7252 |  19 |  677.5 |
       Dungeon |  10322 |   9016 |   1306 |    969 |   5991 |  12 |  860.2 |
        Temple |      1 |      1 |      0 |      0 |      0 |   1 |    1.0 |
          Lair |   2197 |   2060 |    137 |    397 |   1135 |   3 |  732.3 |
  Orcish Mines |      1 |      1 |      0 |      0 |      0 |   1 |    1.0 |
       Ossuary |    218 |    218 |      0 |      4 |    107 |   1 |  218.0 |
      Gauntlet |    129 |    129 |      0 |      0 |     19 |   1 |  129.0 |
               +--------+--------+--------+--------+--------+-----+--------+

Top non-repeatable levels by time:
     D:9: 1155 daAuts
     D:4: 1151 daAuts
     D:7: 1114 daAuts
    D:11: 1084 daAuts
  Lair:2: 1071 daAuts
    D:12: 963 daAuts
     D:5: 946 daAuts
  Lair:1: 880 daAuts
     D:3: 870 daAuts
    D:10: 777 daAuts
     D:2: 657 daAuts
     D:8: 596 daAuts
     D:6: 556 daAuts
     D:1: 448 daAuts
  Lair:3: 245 daAuts
